 Dungeon Crawl Stone Soup version 0.30-a0-739-gea05faddec (webtiles) character file.

Game seed: 16219863631489660959

14409 cforsyth the Convoker (level 12, -7/59 HPs)
             Began as a Tengu Summoner on Feb 4, 2023.
             Was an Initiate of Gozag.
             Mangled by a boulder beetle (28 damage)
             ... on level 12 of the Dungeon on Feb 5, 2023.
             The game lasted 00:32:05 (15337 turns).

cforsyth the Convoker (Tengu Summoner)             Turns: 15337, Time: 00:32:06

Health: -7/59      AC:  4    Str:  9    XL:     12   Next: 16%
Magic:  33/38      EV: 15    Int: 20    God:    Gozag
Gold:   2453       SH:  0    Dex: 21    Spells: 22/35 levels left

rFire   . . .      SeeInvis .    (no weapon)
rCold   . . .      Faith    .    (no shield)
rNeg    . . .      Spirit   .    a - +0 robe
rPois   .          Reflect  .    (helmet restricted)
rElec   .          Harm     .    m - +1 cloak
rCorr   .          Rampage  .    (no gloves)
Will    .....                    (boots unavailable)
Stlth   ++                       (no amulet)
HPRegen 0.29/turn                v - +6 ring of dexterity
MPRegen 0.26/turn                C - ring of magical power

@: flying quickly and evasively, quick
A: beak, talons 3, nimble flight
a: Renounce Religion, Potion Petition, Call Merchant, Bribe Branch


You were on level 12 of the Dungeon.
You worshipped Gozag.
Gozag was most pleased with you.
You visited 2 branches of the dungeon, and saw 13 of its levels.

You collected 2558 gold pieces.
You paid 105 gold pieces to Gozag.

Inventory:

Armour
 a - a +0 robe (worn)
 m - a +1 cloak (worn)
Jewellery
 v - a +6 ring of dexterity (left hand)
 C - a ring of magical power (right hand)
 E - a +4 ring of protection
 G - a +6 ring of dexterity
 J - an amulet of reflection
Wands
 n - a wand of iceblast (24)
 x - a wand of flame (15)
 y - a wand of quicksilver (7)
 D - a wand of polymorph (10)
Scrolls
 c - a scroll of magic mapping
 e - 2 scrolls of vulnerability
 f - a scroll of butterflies
 h - a scroll of torment
 i - 6 scrolls of teleportation
 o - 2 scrolls of fog
 q - 7 scrolls of amnesia
 r - a scroll of silence
 w - a scroll of poison
 B - a scroll of blinking
 F - a scroll of enchant armour
 H - a scroll of immolation
Potions
 b - a potion of magic
 g - 3 potions of heal wounds
 j - 6 potions of haste
 l - 12 potions of degeneration
 p - 5 potions of might
 s - a potion of attraction
 t - a potion of brilliance
 u - a potion of invisibility
 z - a potion of lignification
 A - 8 potions of curing
 K - 15 potions of ambrosia


   Skills:
 - Level 2.1 Dodging
 - Level 2.0 Stealth
 + Level 12.3 Spellcasting
 - Level 2.5 Hexes
 + Level 16.1 Summonings
 - Level 5.0 Air Magic


You had 22 spell levels left.
You knew the following spells:

 Your Spells              Type           Power      Damage    Failure   Level
a - Summon Small Mammal   Summ           100%       N/A       0%          1
b - Call Imp              Summ           67%        N/A       0%          2
c - Call Canine Familiar  Summ           67%        N/A       1%          3
d - Summon Guardian Gole  Hex/Summ       49%        N/A       1%          3
e - Summon Lightning Spi  Summ/Air       53%        N/A       1%          4

Your spell library contained the following spells:

 Spells                   Type           Power      Damage    Failure   Level
 Summon Ice Beast         Ice/Summ       44%        N/A       1%          4
 Beastly Appendage        Tmut           24%        N/A       5%          1
 Magic Dart               Conj           48%        1d5       5%          1
 Tukima's Dance           Hex            22%        N/A       6%          3
 Sublimation of Blood     Necr           12%        N/A       9%          2
 Wereblood                Tmut           12%        N/A       9%          2
 Mephitic Cloud           Conj/Pois/Air  18%        N/A       9%          3
 Portal Projectile        Hex/Tloc       34%        N/A       10%         3
 Frozen Ramparts          Ice            24%        1d4       17%         3
 Spider Form              Tmut/Pois      12%        N/A       17%         3
 Leda's Liquefaction      Hex/Erth       8%         N/A       32%         4
 Ice Form                 Ice/Tmut       12%        N/A       50%         4
 Petrify                  Tmut/Erth      12%        N/A       50%         4
 Metabolic Englaciation   Hex/Ice        8%         N/A       65%         5
 Blade Hands              Tmut           6%         N/A       83%         5
 Irradiate                Conj/Tmut      6%         3d13      83%         5
 Lee's Rapid Deconstruct  Erth           6%         3d6*      83%         5
 Statue Form              Tmut/Erth      8%         N/A       100%        6
 Borgnjor's Revivificati  Necr           6%         N/A       100%        8
 Necromutation            Tmut/Necr      6%         N/A       100%        8
 Death's Door             Necr           6%         N/A       100%        9


Dungeon Overview and Level Annotations

Branches:
Dungeon (12/15)            Temple (1/1) D:4            Lair (0/5) D:9
    Orc (0/2) D:11

Altars:
Ashenzari
Cheibriados
Dithmenos
Elyvilon
Fedhas
Gozag
Hepliaklqana
Kikubaaqudgha
Makhleb
Nemelex Xobeh
Okawaru
Qazlal
Ru
Sif Muna
Trog
Uskayaw
Vehumet
Wu Jian
Xom
Yredelemnul
Zin
The Shining One


Innate Abilities, Weirdness & Mutations

You have a beak for a mouth.
You have claws for feet.
Your magical nature lets you fly swiftly and evasively.


Message History

Found 25 gold pieces.
Found a cloak.
Casting: Summon Small Mammal (safe; 0% risk of failure)
Confirm with . or Enter, or press ? or * to list all spells.
Casting: Call Canine Familiar (safe; 1% risk of failure)
Confirm with . or Enter, or press ? or * to list all spells.
A guardian golem appears, shielding your allies.
Casting: Summon Guardian Golem (safe; 1% risk of failure)
Confirm with . or Enter, or press ? or * to list all spells.
An electric hum fills the air.
The boulder beetle curls into a ball and begins rolling!
Your warg bites the boulder beetle!
The boulder beetle hits your warg!
The boulder beetle stops rolling and uncurls.
A deep elf pyromancer comes into view. It is wielding a +0 long sword.
Your warg bites the boulder beetle!
The boulder beetle leaps!
The deep elf pyromancer points at you and mumbles some strange words.
The bolt of fire hits your guardian golem!
Your guardian golem resists.
A shadow comes into view.
The boulder beetle curls into a ball and begins rolling!
Found a leather armour.
The deep elf pyromancer casts a spell.
Something hits your warg!
A gargoyle comes into view. It is wielding a +0 flail.
The deep elf pyromancer hits your guardian golem but does no damage.
The boulder beetle curls into a ball and begins rolling!
Your warg bites the boulder beetle!
Your warg bites the boulder beetle but does no damage.
Something hits your warg. Something burns your warg! Something hits your warg!
Your warg bites the deep elf pyromancer.
Your guardian golem overheats!
The boulder beetle hits you!!!
Ouch! That really hurt!
The boulder beetle stops rolling and uncurls.
The boulder beetle curls into a ball and begins rolling!
The boulder beetle attacks as you move away!
The boulder beetle hits you!!
You die...
Your body crumbles into a pile of gold.

#..## #.#
##.#.#####.#
#.###......#
##.#.........
#..########. #..#
#..# #########
#..###....[...
#.@#...#######
#..B°..# #..#.°.#
#
#..##.°#######.###
#......°e°.[......
#..##..###°.##.###
#.###..# #○.# .#
#.###..###.B##.###
.......9...°.....#


You could see a boulder beetle (rolling) and a deep elf pyromancer.

Vanquished Creatures
  3 wights (D:6)
  A hound (D:6)
  An orc priest (D:9)
  A jelly (D:4)
  A gnoll (D:9)
  4 orcs
  A bat zombie (D:7)
  A jackal (D:4)
  A quokka (D:2)
14 creatures vanquished.

Vanquished Creatures (collateral kills)
  A boulder beetle (D:11)
  A two-headed ogre (D:11)
  Maurice (D:8)
  A komodo dragon (D:11)
  2 trolls
  17 yaks
  A shadow (D:9)
  A wyvern (D:8)
  3 vampire mosquitoes (D:11)
  2 steam dragons (D:8)
  2 acid dragons
  A swamp drake (D:11)
  2 water moccasins
  4 orc warriors
  An ice beast (D:8)
  An ogre (D:4)
  A centaur (D:9)
  4 kobold brigands
  3 bullfrogs
  2 scorpions
  A necrophage (D:4)
  A gnoll sergeant (D:9)
  14 wights
  13 killer bees (D:10)
  A nameless horror (D:7)
  3 howler monkeys
  A jelly (D:5)
  An electric eel (D:8)
  7 orc priests
  An iron imp (D:8)
  An iguana (D:6)
  7 orc wizards
  Robin (D:3)
  4 gnolls (D:9)
  4 adders
  A white imp (D:8)
  An ufetubus (D:4)
  2 worms
  2 dart slugs
  31 orcs
  4 bats
  3 bat skeletons (D:7)
  A bat zombie (D:7)
  5 endoplasms
  A giant cockroach (D:2)
  9 goblins
  11 hobgoblins
  8 jackals
  21 kobolds
  4 quokkas
  2 ball pythons
  A frilled lizard (D:2)
  6 rats
224 creatures vanquished.

Vanquished Creatures (others)
  A two-headed ogre (D:11)
  A komodo dragon (D:9)
  A troll (D:9)
  A queen bee (D:10)
  A centaur simulacrum (D:12)
  A wraith (D:9)
  11 yaks
  A vampire mosquito (D:11)
  4 orc warriors
  10 wights
  12 killer bees (D:10)
  A gnoll bouda (D:10)
  3 orc priests
  5 gnolls (D:10)
  2 orcs
  20 plants
75 creatures vanquished.

Grand Total: 313 creatures vanquished

Notes
Turn   | Place    | Note
-------+----------+-------------------------------------------
     0 | D:1      | cforsyth the Tengu Summoner began the quest for the Orb.
     0 | D:1      | Reached XP level 1. HP: 10/10 MP: 4/4
   288 | D:1      | Reached skill level 5 in Summonings
   352 | D:1      | Reached XP level 2. HP: 15/15 MP: 1/6
   355 | D:1      | Learned a level 2 spell: Call Imp
  1125 | D:1      | Reached XP level 3. HP: 19/19 MP: 7/7
  1129 | D:1      | Learned a level 3 spell: Call Canine Familiar
  2281 | D:3      | You fall into a shaft and drop 3 floors!
  2359 | D:6      | Noticed a wight
  2375 | D:6      | Killed a wight
  2376 | D:6      | Reached skill level 6 in Summonings
  2376 | D:6      | Reached XP level 4. HP: 24/24 MP: 10/10
  2405 | D:6      | Gained mutation: Your magical nature lets you fly swiftly
                  | and evasively. [Tengu growth]
  2405 | D:6      | Reached XP level 5. HP: 28/28 MP: 6/11
  2417 | D:6      | Reached XP level 6. HP: 32/32 MP: 3/13
  2421 | D:6      | Learned a level 3 spell: Summon Guardian Golem
  2485 | D:6      | Reached skill level 7 in Summonings
  2552 | D:5      | Entered Level 5 of the Dungeon
  2585 | D:4      | Found a staircase to the Ecumenical Temple.
  2590 | Temple   | Entered the Ecumenical Temple
  2676 | Temple   | Became a worshipper of Gozag Ym Sagoz the Greedy
  3091 | D:3      | Noticed Robin
  3108 | D:3      | Killed Robin
  3109 | D:3      | Reached skill level 1 in Hexes
  3569 | D:4      | Found a white marble altar of Elyvilon.
  3591 | D:4      | Reached XP level 7. HP: 31/36 MP: 8/15
  4470 | D:4      | Reached skill level 5 in Spellcasting
  4577 | D:5      | Reached skill level 8 in Summonings
  4964 | D:5      | Found a broken altar of Ashenzari.
  5100 | D:5      | Reached XP level 8. HP: 41/41 MP: 9/17
  5156 | D:5      | Learned a level 4 spell: Summon Lightning Spire
  5463 | D:6      | Reached skill level 1 in Air Magic
  6335 | D:7      | Reached skill level 9 in Summonings
  6474 | D:7      | Found a sacrificial altar of Ru.
  6482 | D:7      | Found a radiant altar of Vehumet.
  6485 | D:7      | Found a hide-covered altar of Uskayaw.
  6485 | D:7      | Found a blossoming altar of Fedhas.
  6492 | D:7      | Found an iron altar of Okawaru.
  6791 | D:7      | Found a hazy altar of Hepliaklqana.
  6855 | D:7      | Reached XP level 9. HP: 44/45 MP: 19/19
  6864 | D:7      | Reached skill level 5 in Air Magic
  6935 | D:7      | Reached skill level 10 in Summonings
  7232 | D:7      | Found an ancient bone altar of Kikubaaqudgha.
  8021 | D:8      | Reached skill level 11 in Summonings
  8550 | D:8      | Found a shimmering altar of Xom.
  8551 | D:8      | Found a shimmering altar of Xom.
  8552 | D:8      | Found a shimmering altar of Xom.
  8615 | D:8      | Noticed Maurice
  8636 | D:8      | Killed Maurice
  8696 | D:8      | Found a snail-covered altar of Cheibriados.
  8713 | D:8      | Reached XP level 10. HP: 50/50 MP: 23/23
  8956 | D:8      | Found a shimmering altar of Xom.
  8956 | D:8      | Noticed a cane toad
  8987 | D:9      | Reached skill level 12 in Summonings
  9657 | D:9      | Found a stormy altar of Qazlal.
  9705 | D:9      | Found a staircase to the Lair.
 10192 | D:9      | HP: 2/50 [centaur/arrow (11)]
 10597 | D:9      | Reached skill level 13 in Summonings
 10605 | D:9      | Reached skill level 10 in Spellcasting
 10869 | D:9      | Found a glowing golden altar of the Shining One.
 11324 | D:10     | Entered Level 10 of the Dungeon
 11368 | D:10     | Found a shadowy altar of Dithmenos.
 11395 | D:10     | Reached XP level 11. HP: 25/54 MP: 23/26
 11759 | D:9      | Reached skill level 14 in Summonings
 13327 | D:11     | Reached skill level 15 in Summonings
 14317 | D:11     | Found a staircase to the Orcish Mines.
 14482 | D:11     | Noticed a boulder beetle
 14506 | D:11     | Killed a boulder beetle
 14507 | D:11     | Reached XP level 12. HP: 57/59 MP: 29/29
 14684 | D:11     | Noticed a two-headed ogre
 14693 | D:11     | Killed a two-headed ogre
 14777 | D:11     | Found a blossoming altar of Fedhas.
 14778 | D:11     | Noticed a two-headed ogre
 14788 | D:11     | Killed a two-headed ogre
 14789 | D:11     | Reached skill level 16 in Summonings
 15313 | D:12     | Noticed a boulder beetle
 15337 | D:12     | Mangled by a boulder beetle

Illustrated notes

Levels and vault maps discovered:
D:1:      amcnicky_arrival_flooded_fountain, layout_basic, patterned_corridor
D:2:      layout_loops_ring, kennysheep_generic_room_12
D:3:      layout_rooms, uniq_robin
D:4:      layout_rooms, mainiacjoe_overflow_small_starburst,
          minmay_temple_entry_nine_rooms, serial_bayou_pond_d
D:5:      layout_rooms, nicolae_ashenzari_panopticon, st_stairs_7
D:6:      layout_loops_corners, serial_park_tiny_1
D:7:      layout_loops_ring, kennysheep_vampire_church, lemuel_crystal_altar,
          nicolae_overflow_hallway_of_the_gods, nicolae_fountain_basement
D:8:      layout_basic, slow_altar_2, xom_shifter_show, serial_bayou_ford_a,
          uniq_maurice
D:9:      layout_irregular_city, mainiacjoe_overflow_six_doors_small, tso_altar,
          david_lair_shrubbed, serial_glass, glass_columns_b, glass_columns_a,
          nicolae_hexahallways, nrook_mini_vaults
D:10:     layout_rooms, grunt_dithmenos_smoke_and_mirrors, serial_glass,
          glass_columns_a, glass_columns_b, special_room [special_room_bee],
          serial_bayou_crossing
D:11:     layout_rooms, erik_orc_1, fedhas_altar_fruit_tree
D:12:     layout_loops_ring, minivault_12
Temple:   nicolae_temple_superstar

Skill      XL: |  1  2  3  4  5  6  7  8  9 10 11 12 |
---------------+-------------------------------------+-----
Summonings     | 5 6 7 8 9 11 13 15 16 | 16.1
Spellcasting   | 3 4 5 6 8 10 12 | 12.3
Hexes          | 1 2 |  2.5
Air Magic      | 4 5 |  5.0
Dodging        | |  2.1
Stealth        | |  2.0

Action                     |  1- 3 |  4- 6 |  7- 9 | 10-12 || total
---------------------------+-------+-------+-------+-------++-------
  Melee: Unarmed           |     9 |     3 |    27 |    48 ||    87
         Kick              |     2 |     1 |    10 |    26 ||    39
         Peck              |     1 |       |     8 |    16 ||    25
         Punch             |       |       |     1 |     1 ||     2
   Cast: Summon Small Mamm |    29 |    12 |    61 |    14 ||   116
         Call Imp          |     9 |     7 |    25 |     8 ||    49
         Call Canine Famil |     9 |     8 |    35 |    48 ||   100
         Summon Guardian G |       |     2 |    11 |    59 ||    72
         Summon Lightning  |       |       |       |    31 ||    31
  Evoke: Wand              |     3 |     4 |       |       ||     7
    Use: Potion            |       |       |       |     2 ||     2
         Scroll            |       |       |       |    19 ||    19
 Armour: Robe              |     2 |     5 |    14 |    10 ||    31
  Dodge: Dodged            |    13 |    22 |    84 |    79 ||   198

Table legend: (Time is in decaauts)
 A = Elapsed time spent in this place.
 B = Non-inter-level travel time spent in this place.
 C = Inter-level travel time spent in this place.
 D = Time resting spent in this place.
 E = Time spent auto-exploring this place.
 F = Levels seen in this place.
 G = Mean time per level.
                   A        B        C        D        E       F      G
               +--------+--------+--------+--------+--------+-----+--------+
         Total |  14822 |  14515 |    307 |   3712 |   7992 |  13 | 1140.2 |
       Dungeon |  14720 |  14425 |    295 |   3712 |   7915 |  12 | 1226.7 |
        Temple |    101 |     90 |     11 |      0 |     76 |   1 |  101.0 |
               +--------+--------+--------+--------+--------+-----+--------+

Top non-repeatable levels by time:
     D:9: 3066 daAuts
     D:7: 1750 daAuts
    D:10: 1492 daAuts
    D:11: 1285 daAuts
     D:1: 1277 daAuts
     D:8: 1173 daAuts
     D:4: 1088 daAuts
     D:2: 980 daAuts
     D:6: 974 daAuts
     D:3: 654 daAuts
     D:5: 650 daAuts
    D:12: 325 daAuts
  Temple: 101 daAuts
